 Dungeon Crawl Stone Soup version 0.30.0-29-ga12c61a403 (webtiles) character file.

Game seed: 1241552392948367324

2 Fecro the Sneak (level 1, 0/10 HPs)
             Began as a Spriggan Brigand on June 21, 2023.
             Slain by a jackal (2 damage)
             ... on level 1 of the Dungeon.
             The game lasted 00:00:16 (62 turns).

Fecro the Sneak (Spriggan Brigand)                    Turns: 62, Time: 00:00:17

Health: 0/10       AC:  3    Str:  7    XL:     1   Next: 25%
Magic:  2/2        EV: 16    Int: 12    God:
Gold:   0          SH:  0    Dex: 16    Spells: 0/0 levels left

rFire   . . .        a - +2 dagger
rCold   . . .        (no shield)
rNeg    . . .        b - +0 robe
rPois   .            (helmet restricted)
rElec   .            c - +0 cloak
rCorr   .            (gloves unavailable)
SInv    +            (boots unavailable)
Will    .....        (no amulet)
Stlth   +++          (no ring)
HPRegen 0.21/turn    (no ring)
MPRegen 0.08/turn

%: no passive effects
@: very quick
A: very small, no large weapons, unfitting armour, see invisible, speed 3
a: no special abilities


You were on level 1 of the Dungeon.
You visited 1 branch of the dungeon, and saw 1 of its levels.

Inventory:

Hand Weapons
 a - a +2 dagger (weapon)
Missiles
 d - 9 poisoned darts (quivered)
 e - 3 curare-tipped darts
Armour
 b - a +0 robe (worn)
 c - a +0 cloak (worn)
Scrolls
 f - a scroll of identify {unknown}
Potions
 g - a potion of curing {unknown}


   Skills:
 + Level 1.5 Fighting
 + Level 2.1 Short Blades
 * Level 2.0 Throwing
 + Level 1.3 Dodging
 * Level 6.0 Stealth


You couldn't memorise any spells.
You didn't know any spells.
Your spell library was empty.

Dungeon Overview and Level Annotations

Branches:
Dungeon (1/15)

Altars:


Innate Abilities, Weirdness & Mutations

You are very small and have problems with some larger weapons.
You are too small for most types of armour.
You have supernaturally acute eyesight. (SInv)
You cover ground extremely quickly. (Speed+++)


Message History

The jackal closely misses you. x2
A quokka comes into view.
You closely miss the jackal. The jackal completely misses you.
The jackal misses you. The jackal closely misses you.
You closely miss the jackal. The jackal closely misses you.
The jackal bites you. x2; The jackal misses you.
You barely miss the jackal. The jackal misses you.
You hit the jackal.
The jackal is heavily wounded.
The jackal completely misses you. x2
You barely miss the jackal.
The jackal is heavily wounded.
The jackal bites you.
You completely miss the jackal.
The jackal is heavily wounded.
The jackal misses you. The jackal barely misses you.
You hit the jackal.
The jackal is severely wounded.
The jackal closely misses you. The jackal barely misses you. x2
You hit the jackal.
You kill the jackal!
Your Stealth skill increases to level 6!
You miss the jackal. The jackal misses you.
The quokka twitches its whiskers.
You barely miss the jackal. The jackal bites you.
You hit the jackal.
The jackal is severely wounded.
The jackal bites you.
You closely miss the jackal.
The jackal is severely wounded.
The jackal bites you.
* * * LOW HITPOINT WARNING * * *
The jackal bites you but does no damage.
You closely miss the jackal.
The jackal is severely wounded.
The jackal barely misses you. The jackal closely misses you.
You hit the jackal but do no damage.
The jackal is severely wounded.
The jackal closely misses you. The jackal bites you.
You die...

##.# $..#
#.#.#####..####
...r...........
#.###.##.#
#......rh#
#..##.##.# ....
#.##.### ###
#...rh@#
#######h########
#..............##
.#............#.#
..#......#...#..#
...#....#...#...#
....#..#...#....#
.....##.#.#.....#
...#.#...#......#


You could see a quokka and 2 jackals.

Vanquished Creatures
  A jackal (D:1)
  A rat (D:1)
2 creatures vanquished.

Notes
Turn   | Place    | Note
-------+----------+-------------------------------------------
     0 | D:1      | Fecro the Spriggan Brigand began the quest for the Orb.
     0 | D:1      | Reached XP level 1. HP: 10/10 MP: 2/2
    57 | D:1      | Reached skill level 6 in Stealth
    62 | D:1      | Slain by a jackal

Illustrated notes

Levels and vault maps discovered:
D:1:      matt_arrival_diagonals, layout_basic

Skill      XL: |  1 |
---------------+----+-----
Stealth        | 6 |  6.0
Fighting       | |  1.5
Short Blades   | |  2.1
Throwing       | |  2.0
Dodging        | |  1.3

Action                     || total
---------------------------++-------
  Melee: Dagger            ||    19
 Armour: Robe              ||     1
  Dodge: Dodged            ||    25
